 Dungeon Crawl Stone Soup version 0.21.1-1-g345015f (webtiles) character file.

13963 Fang the Cleaver (level 12, -1/77 HPs)
             Began as a Gargoyle Berserker on May 20, 2018.
             Was a High Priest of Trog.
             Slain by an enormous slime creature (49 damage)
             ... on level 12 of the Dungeon.
             The game lasted 00:19:39 (14772 turns).

Fang the Cleaver (Gargoyle Berserker)              Turns: 14772, Time: 00:19:39

Health: -1/77      AC: 21    Str: 25    XL:     12   Next: 11%
Magic:  12/12      EV: 14    Int: 11    God:    Trog [*****.]
Gold:   511        SH:  0    Dex:  9    Spells: 11/11 levels left

rFire    . . .     SeeInvis .   a - +1 war axe (flame)
rCold    + . .     Gourm    .   (no shield)
rNeg     + . .     Faith    +   j - +3 swamp dragon scales
rPois    ∞         Spirit   .   (no helmet)
rElec    +         Reflect  .   (no cloak)
rCorr    .         Harm     .   (no gloves)
MR       +....                  (no boots)
Stlth    ++........             r - amulet of faith
HPRegen  0.22/turn              x - +2 ring of intelligence
MPRegen  0.13/turn              f - ring of protection from magic

@: berserk cooldown, slowed, very slow
A: cold resistance 1, negative energy resistance 1, sense surroundings 1,
electricity resistance, unbreathing, petrification resistance, rot immunity, AC
+8
a: Berserk, Trog's Hand, Brothers in Arms, Burn Spellbooks, Renounce Religion


You were on level 12 of the Dungeon.
You worshipped Trog.
Trog was extremely pleased with you.
You were very hungry.

You visited 1 branch of the dungeon, and saw 12 of its levels.

You collected 631 gold pieces.
You spent 120 gold pieces at shops.

Inventory:

Hand Weapons
 a - a +1 war axe of flaming (weapon)
 o - a +3 hand axe
 q - a +2 antimagic executioner's axe
Missiles
 B - 4 steel tomahawks (quivered)
Armour
 j - +3 swamp dragon scales (worn)
Jewellery
 b - an uncursed amulet of guardian spirit
 f - a ring of protection from magic (right hand)
 k - an uncursed amulet of magic regeneration
 r - an amulet of faith (around neck)
 x - a +2 ring of intelligence (left hand)
Wands
 d - a wand of paralysis (20)
 n - a wand of iceblast (11)
 t - a wand of polymorph (21)
 u - a wand of enslavement (14)
 E - a wand of random effects (26)
Scrolls
 e - 3 scrolls of magic mapping
 g - 2 scrolls of remove curse
 m - 3 scrolls of teleportation
 s - a scroll of fear
 w - 5 scrolls of blinking
 y - a scroll of silence
 A - 2 scrolls of identify
Potions
 h - 2 potions of ambrosia
 i - 3 potions of brilliance
 l - 2 potions of might
 p - 4 potions of haste
 v - a potion of cancellation
 z - 2 potions of agility {unknown}
Comestibles
 c - 18 rations
 C - 2 chunks of flesh


   Skills:
 + Level 10.0 Fighting
 + Level 12.2 Axes
 + Level 8.3 Armour
 + Level 6.7 Dodging
 + Level 4.0 Stealth


You had 11 spell levels left.
You didn't know any spells.

Dungeon Overview and Level Annotations

Branches:
Dungeon (12/15)            Temple (0/1) D:5            Lair (0/6) D:8
    Orc (0/2) D:12

Altars:
Fedhas
Gozag
Qazlal
Ru
Sif Muna
Xom
Yredelemnul
Zin

Shops:
D:4 ?   D:10 }   D:11 ?


Innate Abilities, Weirdness & Mutations

You are resistant to torment.
Your stone body is resilient. (AC +8)
You are immune to poison.
You resist negative energy. (rN+)
You are resistant to electric shocks. (rElec)
You can survive without breathing.
You are immune to petrification.
You are immune to rotting.
Your flesh is cold resistant. (rC+)
You passively map a small area around you.


Message History

The slime creature is severely wounded.
You closely miss the orc.
Two slime creatures merge to form a large slime creature.
The orc barely misses you.
Unknown command.
You hit the orc but do no damage.
The orc is moderately wounded.
You hit the large slime creature. You burn the large slime creature.
Two slime creatures merge to form a very large slime creature.
The orc closely misses you.
Two slime creatures merge to form an enormous slime creature.
The hungry ghost closely misses you.
An orc and an orc wizard come into view.
Unknown command.
You hit the orc. You burn the orc.
The orc is severely wounded.
You miss the hungry ghost. You hit the enormous slime creature.
You burn the enormous slime creature. The enormous slime creature hits you!!!
Ouch! That really hurt!
You die... * , , *...... #.....# , oo....

#.....# ####...... ,
#.....###......... ,
#.................
#.........oo......
#........WJo...... *
#.........@.......
###........)).......
#........(.(...:....
#......(............
≈
#.#######((...###+##
, #.# #.....#, #.#
#(....#, , #.#
#..(..#,, #.#
#.....# , ,


You could see an enormous slime creature, a hungry ghost, an orc warrior, an orc
wizard and 3 orcs.

Vanquished Creatures
  A two-headed ogre (D:8)
  The ghost of Pooter the Fighter, a journeyman GrBe of Trog (D:8)
  3 manticores
  2 ugly things
  Joseph (D:7)
  An efreet (D:12)
  The ghost of Fang the Chopper, a novice GrBe of Trog (D:6)
  A freezing wraith (D:11)
  2 trolls
  2 hornets (D:9)
  A hippogriff (D:11)
  A slime creature (D:12)
  Grinder (D:3)
  6 wraiths
  6 yaks (D:12)
  Eustachio (D:5)
  A hungry ghost (D:9)
  2 soldier ants
  A water moccasin (D:12)
  9 orc warriors
  4 sky beasts
  A black bear (D:9)
  A necrophage (D:10)
  An ice beast (D:9)
  3 phantoms
  3 ogres
  11 centaurs
  3 big kobolds
  2 crocodiles
  3 bullfrogs
  A scorpion (D:5)
  7 killer bees
  8 wights
  A howler monkey (D:10)
  An electric eel (D:12)
  5 crimson imps
  A bullfrog zombie (D:6)
  4 hounds
  3 jellies
  3 centaur skeletons
  7 orc priests
  3 bullfrog skeletons
  Ijyb (D:5)
  An iguana (D:5)
  17 orc wizards
  10 worker ants
  12 adders
  A shadow imp (D:8)
  An ooze (D:4)
  4 adder skeletons
  4 worms
  2 dart slugs
  4 leopard geckos
  51 orcs
  5 giant cockroaches
  4 goblins
  6 hobgoblins
  7 jackals
  3 quokkas
  2 ball pythons
  5 bats
  10 frilled lizards
  22 kobolds
  4 rats
296 creatures vanquished.

Vanquished Creatures (others)
  A centaur (D:12)
  An orc priest (D:12)
  An orc (D:12)
3 creatures vanquished.

Grand Total: 299 creatures vanquished

Notes
Turn   | Place    | Note
-------+----------+-------------------------------------------
     0 | D:1      | Fang the Gargoyle Berserker began the quest for the Orb.
     0 | D:1      | Reached XP level 1. HP: 14/14 MP: 1/1
    68 | D:1      | Reached XP level 2. HP: 13/19 MP: 2/2
    77 | D:1      | Reached skill level 3 in Axes
   543 | D:1      | Reached XP level 3. HP: 24/24 MP: 3/3
  1407 | D:2      | Found a blossoming altar of Fedhas.
  1808 | D:3      | Reached XP level 4. HP: 24/29 MP: 4/4
  1963 | D:3      | Found a faded altar of an unknown god.
  1963 | D:3      | Found a glowing silver altar of Zin.
  1968 | D:3      | Found a basalt altar of Yredelemnul.
  1970 | D:3      | Found an opulent altar of Gozag.
  1984 | D:3      | Found a faded altar of an unknown god.
  2159 | D:3      | Noticed Grinder
  2160 | D:3      | Paralysed by Grinder for 3 turns
  2177 | D:3      | Killed Grinder
  2177 | D:3      | Reached skill level 4 in Axes
  2177 | D:3      | Reached skill level 1 in Stealth
  2177 | D:3      | Reached XP level 5. HP: 26/34 MP: 5/5
  2177 | D:3      | Reached XP level 6. HP: 30/39 MP: 6/6
  2731 | D:4      | Noticed a phantom
  2752 | D:4      | Killed a phantom
  2901 | D:4      | Found Cobb's Magic Scroll Shop.
  2912 | D:4      | Reached ** piety under Trog
  2912 | D:4      | Reached skill level 5 in Axes
  2991 | D:4      | Reached XP level 7. HP: 29/44 MP: 7/7
  3520 | D:5      | Entered Level 5 of the Dungeon
  3605 | D:5      | Found a stormy altar of Qazlal.
  3888 | D:5      | Found a staircase to the Ecumenical Temple.
  3925 | D:5      | Reached skill level 5 in Fighting
  4164 | D:5      | Noticed Eustachio
  4170 | D:5      | Killed Eustachio
  4170 | D:5      | Reached skill level 6 in Axes
  4170 | D:5      | Reached XP level 8. HP: 49/49 MP: 8/8
  4244 | D:5      | Noticed Ijyb
  4262 | D:5      | Killed Ijyb
  4939 | D:5      | Reached *** piety under Trog
  5068 | D:6      | Noticed Fang's ghost (novice GrBe)
  5121 | D:6      | Killed Fang's ghost
  5121 | D:6      | Reached skill level 7 in Axes
  5121 | D:6      | Reached skill level 5 in Armour
  5401 | D:6      | Reached XP level 9. HP: 44/55 MP: 9/9
  5550 | D:6      | Found a shimmering altar of Xom.
  6018 | D:7      | Reached skill level 8 in Axes
  6076 | D:7      | Noticed Joseph
  6095 | D:7      | Killed Joseph
  6187 | D:7      | Found a sacrificial altar of Ru.
  6757 | D:8      | Found a staircase to the Lair.
  6827 | D:8      | Noticed Pooter's ghost (journeyman GrBe)
  6874 | D:8      | Killed Pooter's ghost
  6874 | D:8      | Reached skill level 9 in Axes
  6874 | D:8      | Reached XP level 10. HP: 45/63 MP: 10/10
  7032 | D:8      | Reached skill level 5 in Dodging
  7150 | D:8      | Reached **** piety under Trog
  7377 | D:8      | Noticed a two-headed ogre
  7386 | D:8      | Killed a two-headed ogre
  7816 | D:8      | Reached skill level 10 in Axes
  8614 | D:9      | Noticed a manticore
  8626 | D:9      | Killed a manticore
  8886 | D:9      | Reached XP level 11. HP: 69/69 MP: 11/11
  8902 | D:9      | Gained mutation: You passively map a small area around you. [potion of mutation]
  8902 | D:9      | Gained mutation: Your muscles are strong. (Str +2) [potion of mutation]
  8902 | D:9      | Lost mutation: Your muscles are strong. (Str +2) [potion of mutation]
  8902 | D:9      | Gained mutation: Your flesh is cold resistant. (rC+) [potion of mutation]
  8929 | D:9      | Found the +5 scythe "Finisher" {speed, Str+3}
  9122 | D:9      | Reached ***** piety under Trog
  9128 | D:9      | Reached skill level 11 in Axes
  9229 | D:9      | Identified the Compendium of Harmful Earth
  9676 | D:9      | Received a gift from Trog
  9723 | D:9      | Found a deep blue altar of Sif Muna.
  9773 | D:10     | Entered Level 10 of the Dungeon
  9773 | D:10     | Found Aloidoest's Gadget Shop.
 10285 | D:11     | Found Suplas's Magic Scroll Shop.
 10297 | D:11     | Bought a scroll of enchant weapon for 120 gold pieces
 12793 | D:11     | Noticed a red ugly thing
 12807 | D:11     | Killed a red ugly thing
 12938 | D:12     | Noticed a manticore
 12949 | D:12     | Killed a manticore
 12960 | D:12     | Received a gift from Trog
 13549 | D:12     | Noticed a manticore
 13698 | D:12     | Killed a manticore
 13876 | D:12     | Noticed a red ugly thing
 13892 | D:12     | Killed a red ugly thing
 13892 | D:12     | Reached skill level 12 in Axes
 13892 | D:12     | Reached XP level 12. HP: 14/77 MP: 12/12
 14762 | D:12     | Reached skill level 10 in Fighting
 14772 | D:12     | Slain by an enormous slime creature

Skill      XL: |  1  2  3  4  5  6  7  8  9 10 11 12 |
---------------+-------------------------------------+-----
Axes           | 3 4 5 6 7 9 10 12 | 12.2
Dodging        | 2 3 4 5 6 |  6.7
Fighting       | 4 5 6 7 8 9 10 | 10.0
Stealth        | 1 2 3 4 |  4.0
Armour         | 3 4 5 6 8 |  8.3

Action                   |  1- 3 |  4- 6 |  7- 9 | 10-12 || total
-------------------------+-------+-------+-------+-------++-------
Melee: Hand axe          |   150 |    99 |   375 |   188 ||   812
       War axe           |       |       |       |   387 ||   387
       Executioner's axe |       |       |       |     4 ||     4
Invok: Berserk           |       |     2 |    10 |    10 ||    22
       Burn Spellbooks   |       |       |     1 |     1 ||     2
  Use: Scroll            |    10 |     3 |     4 |     3 ||    20
       Potion            |       |       |     2 |     8 ||    10
 Stab: Sleeping          |     1 |       |       |     3 ||     4
       Paralysed         |       |       |     1 |       ||     1
  Eat: Chunk             |     1 |     4 |    15 |    22 ||    42
       Ration            |       |     1 |     2 |     4 ||     7
Armor: Animal skin       |    23 |       |       |       ||    23
       Robe              |    52 |       |       |       ||    52
       Swamp dragon scal |    11 |    44 |   266 |   573 ||   894
       Skin              |       |       |       |    35 ||    35
Dodge: Dodged            |   131 |    46 |   263 |   412 ||   852
